 Dungeon Sprint DCSS version 0.29-a0-96-g93358da72b (webtiles) character file.

Game seed: 4578717343580000583

104 cyrus the Shield-Bearer (level 5, -1/47 HPs)
             Began as a Formicid Fighter on Feb 11, 2022.
             Slain by Sigmund (11 damage)
             ... in the Dungeon (Sprint I: "Red Sonja").
             The game lasted 00:00:30 (35 turns).

cyrus the Shield-Bearer (Formicid Fighter)            Turns: 35, Time: 00:00:31

Health: -1/47      AC:  7    Str: 21    XL:     5   Next: 7%
Magic:  5/5        EV:  9    Int:  9    God:
Gold:   0          SH:  5    Dex: 10    Spells: 4/4 levels left

rFire   . . .      SeeInvis +   a - +0 trident
rCold   . . .      Faith    .   c - +0 buckler
rNeg    . . .      Spirit   .   b - +0 scale mail
rPois   .          Reflect  .   (helmet unavailable)
rElec   .          Harm     .   (no cloak)
rCorr   .          Rampage  .   (no gloves)
Will    .....                   (no boots)
Stlth   ..........              (no amulet)
HPRegen 0.15/turn               (no ring)
MPRegen 0.09/turn               (no ring)

@: mighty
A: permanent stasis, dig shafts and tunnels, antennae 3, four strong arms
a: Dig


You were in the Dungeon.
You visited 1 branch

Inventory:

Hand Weapons
 a - a +0 trident (weapon)
Armour
 b - a +0 scale mail (worn)
 c - a +0 buckler (worn)
Wands
 d - a wand of digging (4)
Potions
 f - a potion of heal wounds
 g - 2 potions of magic


   Skills:
 + Level 6.4 Fighting
 + Level 4.0 Polearms
 + Level 6.1 Armour
 + Level 0.1 Dodging
 + Level 6.5 Shields


You had 4 spell levels left.
You didn't know any spells.
Your spell library was empty.

Dungeon Overview and Level Annotations

Branches:
Dungeon (1/1)

Altars:

Annotations:
D Sigmund


Innate Abilities, Weirdness & Mutations

You cannot be hasted, slowed, berserked, paralysed or teleported.
You can dig through walls and to a lower floor.
You have a pair of large antennae on your head. (SInv)
Your four strong arms can wield two-handed weapons with a shield.


Message History

The ogre shouts!
The ogre hits you with a +0 giant spiked club!
There is an open door, spattered with blood here.
You puncture the ogre!
The ogre is moderately wounded.
You puncture the ogre!
You kill the ogre!
Your Fighting skill gained 2 levels and is now at level 6!
Your Polearms skill gained 2 levels and is now at level 4!
Your Armour skill gained 2 levels and is now at level 6!
Your Shields skill increases to level 6!
You have reached level 4!
You feel stronger.
You have reached level 5!
Things that are here:
a +0 giant spiked club; an ogre corpse You open the door.
Sigmund the Dreaded comes into view.
He is wielding a +0 scythe.
Sigmund shouts!
Sigmund gestures at you while chanting. The magic dart hits you!
You open the door.
Found 54 gold pieces.
Sigmund gestures at you while chanting. You resist with some effort.
There is an open door here.
You closely miss Sigmund. Sigmund hits you but does no damage.
You puncture Sigmund!
Sigmund is moderately wounded.
You block Sigmund's attack.
You closely miss Sigmund.
Sigmund is moderately wounded.
You puncture Sigmund!
Sigmund is severely wounded.
Sigmund hits you with a +0 scythe!
* * * LOW HITPOINT WARNING * * *
You barely miss Sigmund.
Sigmund is severely wounded.
Sigmund hits you with a +0 scythe!
You die...

#############
#<.#..').#..+
#..').#..@@.#
#..#####'####
#..# #$$#
#..# ####
#..# #⌠⌠# {
#### {


You could see Sigmund.

Vanquished Creatures
  An ogre (D)
  Ijyb (D)
2 creatures vanquished.

Notes
Turn   | Place    | Note
-------+----------+-------------------------------------------
     0 | D        | cyrus the Formicid Fighter began the quest for the Orb.
     0 | D        | Reached XP level 1. HP: 18/18 MP: 1/1
     2 | D        | Noticed Ijyb
    14 | D        | Killed Ijyb
    15 | D        | Reached skill level 5 in Shields
    15 | D        | Reached XP level 2. HP: 20/26 MP: 2/2
    15 | D        | Reached XP level 3. HP: 24/32 MP: 3/3
    21 | D        | Noticed an ogre
    24 | D        | Killed an ogre
    25 | D        | Reached XP level 4. HP: 22/41 MP: 4/4
    25 | D        | Reached XP level 5. HP: 26/47 MP: 5/5
    28 | D        | Noticed Sigmund
    35 | D        | Slain by Sigmund

Illustrated notes

Levels and vault maps discovered:
D:        dungeon_sprint_1 [red_sonja_temple_1, red_sonja_temple_small_1]

Skill      XL: |  1  2  3 |
---------------+----------+-----
Fighting       | 4 6 |  6.4
Armour         | 4 6 |  6.1
Shields        | 5 6 |  6.5
Polearms       | 4 |  4.0
Dodging        | |  0.1

Action                   |  1- 3 |  4- 6 || total
-------------------------+-------+-------++-------
Melee: Trident           |    11 |     5 ||    16
  Use: Potion            |     2 |       ||     2
Armor: Scale mail        |     5 |     1 ||     6
Dodge: Dodged            |     1 |       ||     1
Block: Buckler           |     3 |     1 ||     4

Table legend: (Time is in decaauts)
 A = Elapsed time spent in this place.
 B = Non-inter-level travel time spent in this place.
 C = Inter-level travel time spent in this place.
 D = Time resting spent in this place.
 E = Time spent auto-exploring this place.
 F = Levels seen in this place.
 G = Mean time per level.
                   A        B        C        D        E       F      G
               +--------+--------+--------+--------+--------+-----+--------+
         Total |     38 |     38 |      0 |      0 |      0 |   1 |   38.0 |
       Dungeon |     38 |     38 |      0 |      0 |      0 |   1 |   38.0 |
               +--------+--------+--------+--------+--------+-----+--------+

Top non-repeatable levels by time:
       D: 38 daAuts
